TOP OF THE 1ST |
Greeneville Astros batting - Pitching for Seattle (APP) Mariners : RHP Jamie Riley
|
Pitching: RHP Jamie Riley
|
|
Batting: RHB Jason Monico
|
0-0: Called Strike 0-1: DOUBLE (Line Drive, 89M, EV 93.8 MPH)
|
Batting: RHB John Moore
|
0-0: Ball 1-0: Swinging Strike 1-1: Swinging Strike 1-2: Strikes out swinging
|
Batting: RHB Areda Obote
|
0-0: Ball 1-0: Ball 2-0: Ball 3-0: Called Strike 3-1: SINGLE (Groundball, 56D, EV 94.4 MPH) Jason Monico to third Runner from 3rd tries for Home, SAFE, throw by LF to home
|
Batting: RHB Roger Pelley
|
0-0: Called Strike 0-1: Ball 1-1: Foul Ball, location: 2F 1-2: Grounds into double play, 6-4-3 (Groundball, 6, EV 87.5 MPH)
|
Top of the 1st over - 1 run, 2 hits, 0 errors, 0 left on base; Greeneville 1 - Seattle (APP) 0 |
BOTTOM OF THE 1ST |
Seattle (APP) Mariners batting - Pitching for Greeneville Astros : LHP Guadalupe Gonzalez
|
Pitching: LHP Guadalupe Gonzalez
|
|
Batting: RHB Nick Edmunds
|
0-0: Called Strike 0-1: Ball 1-1: Ball 2-1: Foul Ball, location: 2F 2-2: Ball 3-2: DOUBLE (Flyball, 78XD, EV 112.5 MPH)
|
Batting: RHB John Vasquez
|
0-0: Ball 1-0: Fly out, F8 (Line Drive, 8LS, EV 97.5 MPH)
|
Batting: SHB Carlos Luna
|
0-0: Foul Ball, location: 2F 0-1: SINGLE (Groundball, 6M, EV 96.9 MPH) Nick Edmunds to third Runner from 3rd tries for Home, SAFE, throw by CF to home
|
Batting: RHB Chris Van Niel
|
0-0: Foul Ball, location: 2F 0-1: Foul Ball, location: 2F 0-2: Ball 1-2: Hit by Pitch Carlos Luna to second
|
Batting: RHB Nick Ellis
|
0-0: Swinging Strike 0-1: Ball 1-1: Swinging Strike 1-2: Strikes out looking
|
Batting: RHB Carlton McDonald
|
0-0: Called Strike 0-1: Called Strike 0-2: SINGLE (Line Drive, 56D, EV 95.0 MPH) Carlos Luna to third Chris Van Niel to second Runner from 3rd tries for Home, SAFE, throw by LF to home
|
Batting: RHB Joaquin Salazar
|
0-0: Ball 1-0: Fly out, F3 (Line Drive, 3, EV 70.0 MPH)
|
Bottom of the 1st over - 2 runs, 3 hits, 0 errors, 2 left on base; Greeneville 1 - Seattle (APP) 2 |
TOP OF THE 2ND |
Greeneville Astros batting - Pitching for Seattle (APP) Mariners : RHP Jamie Riley
|
Batting: RHB Jarno van Lente
|
0-0: Called Strike 0-1: Ball 1-1: Swinging Strike 1-2: Ball 2-2: Strikes out swinging
|
Batting: LHB Ryan Fridley
|
0-0: Called Strike 0-1: Foul Ball, location: 2F 0-2: Ball 1-2: Fly out, F8 (Flyball, 8LD, EV 90.0 MPH)
|
Batting: RHB Domingas Saragoa
|
0-0: Ball 1-0: Ball 2-0: Ground out U3 (Groundball, 3, EV 78.8 MPH)
|
Top of the 2nd over - 0 runs, 0 hits, 0 errors, 0 left on base; Greeneville 1 - Seattle (APP) 2 |
BOTTOM OF THE 2ND |
Seattle (APP) Mariners batting - Pitching for Greeneville Astros : LHP Guadalupe Gonzalez
|
Batting: RHB Ziven Badersky
|
0-0: Called Strike 0-1: SINGLE (Groundball, 6MS, EV 70.0 MPH) (infield hit)
|
Batting: RHB Josh Carpenter
|
0-0: Called Strike 0-1: Reached on error, E6 (Groundball, 6, EV 106.9 MPH) Ziven Badersky to second
|
Batting: RHB Nick Edmunds
|
0-0: Called Strike 0-1: Foul Ball, location: 2F 0-2: Foul Ball, location: 2F 0-2: Ball 1-2: Foul Ball, location: 2F 1-2: Ball 2-2: 3-RUN HOME RUN (Flyball, 8LXD, EV 105.6 MPH), Distance : 436 ft
|
Batting: RHB John Vasquez
|
0-0: Called Strike 0-1: Ball 1-1: Foul Ball, location: 2F 1-2: Foul Ball, location: 2F 1-2: Foul Ball, location: 2F 1-2: Ball 2-2: Foul Ball, location: 2F 2-2: Ball 3-2: Foul Ball, location: 2F 3-2: Foul Ball, location: 2F 3-2: Base on Balls
|
Batting: SHB Carlos Luna
|
0-0: Ball 1-0: Called Strike 1-1: Ball 2-1: Ball 3-1: Foul Ball, location: 2F 3-2: Foul Ball, location: 2F 3-2: Foul Ball, location: 2F 3-2: Base on Balls John Vasquez to second
|
Pitching: RHP Tim Evans
|
|
Batting: RHB Chris Van Niel
|
0-0: Called Strike 0-1: Swinging Strike 0-2: SINGLE (Line Drive, 7S, EV 103.1 MPH) John Vasquez to third Carlos Luna to second
|
Batting: RHB Nick Ellis
|
0-0: Ball 1-0: Ball 2-0: Ball 3-0: Called Strike 3-1: Swinging Strike 3-2: Foul Ball, location: 2F 3-2: Base on Balls John Vasquez scores Carlos Luna to third Chris Van Niel to second
|
Batting: RHB Carlton McDonald
|
0-0: Ball 1-0: Foul Ball, location: 2F 1-1: Hit by Pitch Carlos Luna scores Chris Van Niel to third Nick Ellis to second
|
Batting: RHB Joaquin Salazar
|
0-0: Called Strike 0-1: Called Strike 0-2: Ball 1-2: Strikes out swinging
|
Batting: RHB Ziven Badersky
|
0-0: Foul Ball, location: 2F 0-1: Fielders Choice at 2nd, 5-4 (Groundball, 5, EV 78.1 MPH) Chris Van Niel scores Nick Ellis to third
|
Batting: RHB Josh Carpenter
|
0-0: Called Strike 0-1: Foul Ball, location: 2F 0-2: Ball 1-2: Strikes out looking
|
Bottom of the 2nd over - 6 runs, 3 hits, 1 error, 2 left on base; Greeneville 1 - Seattle (APP) 8 |
TOP OF THE 3RD |
Greeneville Astros batting - Pitching for Seattle (APP) Mariners : RHP Jamie Riley
|
Batting: LHB Guadalupe Gonzalez
|
0-0: Foul Ball, location: 2F 0-1: Foul Ball, location: 2F 0-2: Ball 1-2: Ball 2-2: Ball 3-2: Fly out, F9 (Flyball, 9LM, EV 90.6 MPH)
|
Batting: LHB Gong Tow
|
0-0: Ground out 6-3 (Groundball, 6M, EV 85.0 MPH)
|
Batting: RHB Jason Monico
|
0-0: Called Strike 0-1: Ground out 4-3 (Groundball, 4, EV 105.6 MPH)
|
Top of the 3rd over - 0 runs, 0 hits, 0 errors, 0 left on base; Greeneville 1 - Seattle (APP) 8 |
BOTTOM OF THE 3RD |
Seattle (APP) Mariners batting - Pitching for Greeneville Astros : RHP Tim Evans
|
Batting: RHB Nick Edmunds
|
0-0: Called Strike 0-1: Ball 1-1: Ball 2-1: Ball 3-1: Fly out, F7 (Line Drive, 78M, EV 98.1 MPH)
|
Batting: RHB John Vasquez
|
0-0: Called Strike 0-1: Swinging Strike 0-2: Ball 1-2: Ball 2-2: Ball 3-2: SINGLE (Groundball, 6S, EV 72.5 MPH) (infield hit)
|
Batting: SHB Carlos Luna
|
0-0: Reached on error, E6 (Groundball, 6, EV 86.2 MPH) John Vasquez to second
|
Batting: RHB Chris Van Niel
|
0-0: Ball 1-0: Ball 2-0: Ball 3-0: Foul Ball, location: 2F 3-1: Foul Ball, location: 2F 3-2: Foul Ball, location: 2F 3-2: Fielders Choice at 2nd, 4-6 (Groundball, 13, EV 91.9 MPH) John Vasquez to third
|
Batting: RHB Nick Ellis
|
0-0: Ball 1-0: Swinging Strike 1-1: Ball 2-1: Foul Ball, location: 2F 2-2: Ball 3-2: SINGLE (Groundball, 56D, EV 110.0 MPH) John Vasquez scores Chris Van Niel to second Chris Van Niel to third
|
Batting: RHB Carlton McDonald
|
0-0: Ball 1-0: Foul Ball, location: 2F 1-1: Fly out, F8 (Flyball, 8LM, EV 90.0 MPH)
|
Bottom of the 3rd over - 1 run, 2 hits, 1 error, 2 left on base; Greeneville 1 - Seattle (APP) 9 |
TOP OF THE 4TH |
Greeneville Astros batting - Pitching for Seattle (APP) Mariners : RHP Jamie Riley
|
Batting: RHB John Moore
|
0-0: Ball 1-0: Ball 2-0: Ball 3-0: Base on Balls
|
Batting: RHB Areda Obote
|
0-0: Called Strike John Moore steals 2nd base 0-1: Foul Ball, location: 2F 0-2: Strikes out swinging
|
Batting: RHB Roger Pelley
|
0-0: Ball 1-0: Swinging Strike 1-1: Foul Ball, location: 2F 1-2: Strikes out looking
|
Batting: RHB Jarno van Lente
|
0-0: Ball 1-0: Called Strike 1-1: Foul Ball, location: 2F 1-2: Ball 2-2: Ball 3-2: DOUBLE (Line Drive, 9LS, EV 106.2 MPH) John Moore scores
|
Batting: LHB Ryan Fridley
|
0-0: Ball 1-0: Called Strike 1-1: Foul Ball, location: 2F 1-2: Ball 2-2: Ball Passed Ball! Jarno van Lente to third 3-2: Foul Ball, location: 2F 3-2: Base on Balls
|
Batting: RHB Domingas Saragoa
|
0-0: Called Strike 0-1: Ground out 6-3 (Groundball, P, EV 88.8 MPH)
|
Top of the 4th over - 1 run, 1 hit, 0 errors, 2 left on base; Greeneville 2 - Seattle (APP) 9 |
BOTTOM OF THE 4TH |
Seattle (APP) Mariners batting - Pitching for Greeneville Astros : RHP Tim Evans
|
Batting: RHB Joaquin Salazar
|
0-0: Ball 1-0: Foul Ball, location: 2F 1-1: Ball 2-1: Swinging Strike 2-2: Ball 3-2: Foul Ball, location: 2F 3-2: Foul Ball, location: 2F 3-2: Strikes out looking
|
Pitching: RHP Steve Kelly
|
|
Batting: RHB Ziven Badersky
|
0-0: Ball 1-0: Ball 2-0: Foul Ball, location: 2F 2-1: Called Strike 2-2: Ball 3-2: Strikes out swinging
|
Batting: RHB Josh Carpenter
|
0-0: Ball 1-0: Foul Ball, location: 2F 1-1: Ball 2-1: Ball 3-1: Swinging Strike 3-2: Foul Ball, location: 2F 3-2: Foul Ball, location: 2F 3-2: Foul Ball, location: 2F 3-2: Base on Balls
|
Batting: RHB Nick Edmunds
|
0-0: Foul Ball, location: 2F 0-1: Called Strike 0-2: Ball 1-2: Ball 2-2: Fielders Choice at 2nd, 5-4 (Groundball, 56, EV 88.1 MPH)
|
Bottom of the 4th over - 0 runs, 0 hits, 0 errors, 1 left on base; Greeneville 2 - Seattle (APP) 9 |
TOP OF THE 5TH |
Greeneville Astros batting - Pitching for Seattle (APP) Mariners : RHP Jamie Riley
|
Batting: LHB Guadalupe Gonzalez
|
0-0: Ball 1-0: Ball 2-0: DOUBLE (Groundball, 3L, EV 104.4 MPH)
|
Batting: LHB Gong Tow
|
0-0: Called Strike 0-1: Ball 1-1: Called Strike 1-2: Strikes out swinging
|
Batting: RHB Jason Monico
|
0-0: Ball 1-0: Called Strike 1-1: Foul Ball, location: 2F 1-2: DOUBLE (Line Drive, 9LS, EV 99.4 MPH) Guadalupe Gonzalez scores
|
Batting: RHB John Moore
|
0-0: Ball 1-0: Called Strike 1-1: Ball 2-1: Ground out 6-3 (Groundball, 6M, EV 83.8 MPH) Jason Monico to third
|
Batting: RHB Areda Obote
|
0-0: Ball 1-0: Ball 2-0: Called Strike 2-1: Ball 3-1: Base on Balls
|
Batting: RHB Roger Pelley
|
0-0: Ball 1-0: 3-RUN HOME RUN (Flyball, 78XD, EV 102.5 MPH), Distance : 403 ft
|
Pitching: RHP Domingo Maldonado
|
|
Batting: RHB Jarno van Lente
|
0-0: Ball 1-0: Called Strike 1-1: Swinging Strike 1-2: Ball 2-2: SOLO HOME RUN (Flyball, 7D, EV 96.9 MPH), Distance : 375 ft
|
Batting: LHB Ryan Fridley
|
0-0: Foul Ball, location: 2F 0-1: Ball 1-1: Ground out 4-3 (Groundball, 4S, EV 75.6 MPH)
|
Top of the 5th over - 5 runs, 4 hits, 0 errors, 0 left on base; Greeneville 7 - Seattle (APP) 9 |
BOTTOM OF THE 5TH |
Seattle (APP) Mariners batting - Pitching for Greeneville Astros : RHP Steve Kelly
|
Batting: RHB John Vasquez
|
0-0: Foul Ball, location: 2F 0-1: DOUBLE (Line Drive, 3D, EV 94.4 MPH)
|
Batting: SHB Carlos Luna
|
0-0: Foul Ball, location: 2F 0-1: Ball 1-1: Ball 2-1: SINGLE (Flyball, 4MD, EV 92.5 MPH) John Vasquez to third
|
Batting: RHB Chris Van Niel
|
0-0: Foul Ball, location: 2F 0-1: Called Strike 0-2: Foul Ball, location: 2F 0-2: Foul Ball, location: 2F 0-2: Strikes out swinging
|
Pitching: RHP Kuaika Anakala
|
|
Batting: RHB Nick Ellis
|
0-0: Foul Ball, location: 2F 0-1: Ball 1-1: Swinging Strike 1-2: Foul Ball, location: 2F 1-2: Foul Ball, location: 2F 1-2: Foul Ball, location: 2F 1-2: Ball 2-2: Strikes out swinging
|
Batting: RHB Carlton McDonald
|
0-0: Ball 1-0: Ball 2-0: Ball 3-0: Called Strike 3-1: Base on Balls Carlos Luna to second
|
Batting: RHB Joaquin Salazar
|
0-0: Called Strike 0-1: Called Strike 0-2: Ball 1-2: Strikes out swinging
|
Bottom of the 5th over - 0 runs, 2 hits, 0 errors, 3 left on base; Greeneville 7 - Seattle (APP) 9 |
TOP OF THE 6TH |
Greeneville Astros batting - Pitching for Seattle (APP) Mariners : RHP Domingo Maldonado
|
Batting: RHB Domingas Saragoa
|
0-0: Called Strike 0-1: Foul Ball, location: 2F 0-2: Ball 1-2: Strikes out swinging
|
Batting: LHB Guadalupe Gonzalez
|
0-0: Ball 1-0: Ball 2-0: Fly out, F7 (Flyball, 7D, EV 94.4 MPH)
|
Batting: LHB Gong Tow
|
0-0: Foul Ball, location: 2F 0-1: Foul Ball, location: 2F 0-2: Strikes out swinging, 2-3 out at first.
|
Top of the 6th over - 0 runs, 0 hits, 0 errors, 0 left on base; Greeneville 7 - Seattle (APP) 9 |
BOTTOM OF THE 6TH |
Seattle (APP) Mariners batting - Pitching for Greeneville Astros : RHP Kuaika Anakala
|
Batting: RHB Ziven Badersky
|
0-0: Ball 1-0: Fly out, F7 (Flyball, 7, EV 94.4 MPH)
|
Pitching: RHP Ernie Bell
|
|
Batting: RHB Josh Carpenter
|
0-0: Ball 1-0: Ball 2-0: Swinging Strike 2-1: Ball 3-1: Base on Balls
|
Batting: RHB Nick Edmunds
|
0-0: Ball 1-0: Called Strike 1-1: Ball 2-1: Fielders Choice at 2nd, 1-4 (Groundball, 15S, EV 67.5 MPH)
|
Batting: RHB John Vasquez
|
0-0: Called Strike Nick Edmunds steals 2nd base 0-1: Ball 1-1: Ball 2-1: Swinging Strike 2-2: Ball 3-2: Ground out 6-3 (Groundball, 6, EV 86.9 MPH)
|
Bottom of the 6th over - 0 runs, 0 hits, 0 errors, 1 left on base; Greeneville 7 - Seattle (APP) 9 |
TOP OF THE 7TH |
Greeneville Astros batting - Pitching for Seattle (APP) Mariners : RHP Domingo Maldonado
|
Batting: RHB Jason Monico
|
0-0: Called Strike 0-1: Ball 1-1: Ground out 6-3 (Groundball, 6, EV 78.1 MPH)
|
Batting: RHB John Moore
|
0-0: Ball 1-0: Ball 2-0: Called Strike 2-1: Called Strike 2-2: Foul Ball, location: 2F 2-2: Ball 3-2: Base on Balls
|
Pitching: LHP Will Creelman
|
|
Batting: RHB Areda Obote
|
0-0: Called Strike 0-1: Ball 1-1: Called Strike 1-2: DOUBLE (Line Drive, 8LXD, EV 110.0 MPH) John Moore to third Runner from 3rd tries for Home, SAFE, throw by CF to trailing runner, SAFE at third!
|
Batting: RHB Roger Pelley
|
0-0: DOUBLE (Groundball, 5L, EV 95.6 MPH) Areda Obote scores
|
Batting: RHB Jarno van Lente
|
0-0: Called Strike 0-1: Ball 1-1: Ball 2-1: Called Strike 2-2: Ground out 6-3 (Groundball, 6, EV 81.2 MPH)
|
Batting: LHB Ryan Fridley
|
0-0: Ball 1-0: Called Strike 1-1: Foul Ball, location: 2F 1-2: Foul Ball, location: 2F 1-2: Strikes out swinging
|
Top of the 7th over - 2 runs, 2 hits, 0 errors, 1 left on base; Greeneville 9 - Seattle (APP) 9 |
BOTTOM OF THE 7TH |
Seattle (APP) Mariners batting - Pitching for Greeneville Astros : RHP Ernie Bell
|
Batting: SHB Carlos Luna
|
0-0: Called Strike 0-1: Ball 1-1: Swinging Strike 1-2: Ground out 1-3 (Groundball, 13S, EV 70.6 MPH)
|
Batting: RHB Chris Van Niel
|
0-0: Called Strike 0-1: Ball 1-1: SINGLE (Groundball, 6M, EV 103.1 MPH)
|
Batting: RHB Nick Ellis
|
0-0: Called Strike Chris Van Niel steals 2nd base (no throw) 0-1: Foul Ball, location: 2F 0-2: Ball 1-2: Ground out 5-3 (Groundball, 56S, EV 90.6 MPH)
|
Batting: LHB Prince Nunley
|
0-0: Called Strike 0-1: Foul Ball, location: 2F 0-2: Ball 1-2: Ball 2-2: Strikes out swinging
|
Bottom of the 7th over - 0 runs, 1 hit, 0 errors, 1 left on base; Greeneville 9 - Seattle (APP) 9 |
TOP OF THE 8TH |
Greeneville Astros batting - Pitching for Seattle (APP) Mariners : LHP Will Creelman
|
Batting: RHB Domingas Saragoa
|
0-0: Called Strike 0-1: Called Strike 0-2: Strikes out swinging
|
Batting: RHB Hugo Priego
|
0-0: Foul Ball, location: 2F 0-1: SINGLE (Groundball, 56S, EV 69.4 MPH) (infield hit)
|
Pinch Runner at 1st Keith Goodwin:
|
|
Pinch Hitting: RHB Devon Healy
|
0-0: Ball 1-0: Ball 2-0: Ball 3-0: Base on Balls Keith Goodwin to second
|
Batting: RHB Jason Monico
|
0-0: Bunted foul 0-1: Bunt missed! 0-2: SINGLE (Line Drive, 56, EV 105.0 MPH) Keith Goodwin to third Devon Healy to second
|
Batting: RHB John Moore
|
0-0: Called Strike 0-1: Ball 1-1: Called Strike 1-2: Strikes out swinging
|
Batting: RHB Areda Obote
|
0-0: Foul Ball, location: 2F 0-1: Foul Ball, location: 2F 0-2: Foul Ball, location: 2F 0-2: Ball 1-2: Fly out, F9 (Flyball, 9, EV 93.1 MPH)
|
Top of the 8th over - 0 runs, 2 hits, 0 errors, 3 left on base; Greeneville 9 - Seattle (APP) 9 |
BOTTOM OF THE 8TH |
Seattle (APP) Mariners batting - Pitching for Greeneville Astros : RHP Ernie Bell
|
Now in LF: Devon Healy
|
|
Pinch Hitting: LHB Yoshihisa Kobayashi
|
0-0: Ball 1-0: Called Strike 1-1: Ground out 4-3 (Groundball, 4, EV 82.5 MPH)
|
Pitching: RHP Marty Jackson
|
|
Pinch Hitting: LHB Chang Huie
|
0-0: Swinging Strike 0-1: Ball 1-1: SINGLE (Groundball, 34D, EV 95.6 MPH)
|
Batting: RHB Josh Carpenter
|
0-0: Grounds into double play, 5-4-3 (Groundball, 5, EV 103.1 MPH)
|
Bottom of the 8th over - 0 runs, 1 hit, 0 errors, 0 left on base; Greeneville 9 - Seattle (APP) 9 |
TOP OF THE 9TH |
Greeneville Astros batting - Pitching for Seattle (APP) Mariners : LHP Will Creelman
|
Now at 2B: Chang Huie
|
|
Now in CF: Nick Edmunds
|
|
Now in RF: Perry Renouf
|
|
Batting: RHB Roger Pelley
|
0-0: Ball 1-0: Foul Ball, location: 2F 1-1: Ball 2-1: Called Strike 2-2: Strikes out swinging
|
Pitching: RHP Ruben Mendoza
|
|
Batting: RHB Jarno van Lente
|
0-0: Ball 1-0: Foul Ball, location: 2F 1-1: Foul Ball, location: 2F 1-2: Foul Ball, location: 2F 1-2: Ball 2-2: Ball 3-2: Ground out 6-3 (Groundball, 6, EV 101.2 MPH)
|
Batting: LHB Ryan Fridley
|
0-0: Ball 1-0: Called Strike 1-1: Foul Ball, location: 2F 1-2: Ball 2-2: Foul Ball, location: 2F 2-2: Ball 3-2: Ground out 4-3 (Groundball, 34, EV 80.6 MPH)
|
Top of the 9th over - 0 runs, 0 hits, 0 errors, 0 left on base; Greeneville 9 - Seattle (APP) 9 |
BOTTOM OF THE 9TH |
Seattle (APP) Mariners batting - Pitching for Greeneville Astros : RHP Marty Jackson
|
Pitching: LHP Joey Callanta
|
|
Batting: RHB Nick Edmunds
|
0-0: Ball 1-0: Foul Ball, location: 2F 1-1: Swinging Strike 1-2: Foul Ball, location: 2F 1-2: Foul Ball, location: 2F 1-2: Ball 2-2: Strikes out swinging
|
Batting: RHB John Vasquez
|
0-0: Called Strike 0-1: Foul Ball, location: 2F 0-2: SINGLE (Groundball, 6MD, EV 106.2 MPH)
|
Batting: SHB Carlos Luna
|
0-0: Ball 1-0: Swinging Strike 1-1: DOUBLE (Groundball, 3L, EV 96.2 MPH) John Vasquez to third
|
Batting: RHB Chris Van Niel
|
0-0: Ball 1-0: SINGLE (Groundball, 6, EV 108.1 MPH) John Vasquez scores
|
Bottom of the 9th over - 1 run, 3 hits, 0 errors, 2 left on base; Greeneville 9 - Seattle (APP) 10 |
|